 Dungeon Crawl Stone Soup version 0.18.1-48-g4cf74bf (webtiles) character file.

113 PossumBlood the Skirmisher (level 4, -3/42 HPs)
             Began as a Minotaur Fighter on Aug 18, 2016.
             Killed from afar by an orc wizard (10 damage)
             ... with a puff of flame
             ... on level 3 of the Dungeon.
             The game lasted 00:02:45 (1426 turns).

PossumBlood the Skirmisher (Minotaur Fighter)       Turns: 1426, Time: 00:02:46

Health: -3/42      AC:  7    Str: 21    XL:     4   Next: 65%
Magic:  3/3        EV:  7    Int:  5    God:
Gold:   133        SH:  9    Dex: 10    Spells: 0 memorised, 3 levels left

rFire  . . .     SeeInvis .     a - +0 war axe
rCold  . . .     Gourm    .     b - +0 scale mail
rNeg   . . .     Faith    .     c - +0 shield
rPois  .         Spirit   .     (helmet restricted)
rElec  .         Dismiss  .     (no cloak)
rCorr  .         Reflect  .     (no gloves)
SustAt .         Harm     .     (no boots)
MR     .....                    (no amulet)
Stlth  ..........               (no ring)
                                (no ring)

@: not resistant to hostile enchantments, extremely unstealthy
A: retaliatory headbutt, horns 2
a: no special abilities


You were on level 3 of the Dungeon.
You were not hungry.

You visited 1 branch of the dungeon, and saw 3 of its levels.

You collected 133 gold pieces.

Inventory:

Hand Weapons
 a - a +0 war axe (weapon)
Armour
 b - a +0 scale mail (worn)
 c - a +0 shield (worn)
Scrolls
 e - 4 scrolls of identify {unknown}
 h - 2 scrolls of magic mapping {unknown}
 i - a scroll of noise {unknown}
 j - a scroll of enchant weapon {unknown}
 k - a scroll of amnesia {unknown}
 l - a scroll of enchant armour {unknown}
 n - 3 scrolls of remove curse {unknown}
 p - a scroll of immolation {unknown}
Potions
 d - 3 potions of might
 g - a potion of berserk rage {unknown}
 m - a potion of curing {unknown}
 o - a potion of flight {unknown}
 q - a potion of ambrosia {unknown}
Comestibles
 f - 3 bread rations


   Skills:
 * Level 5.6 Fighting
 - Level 2.4 Axes
 + Level 4.9 Armour
 - Level 3.6 Shields


You had 3 spell levels left.
You didn't know any spells.

Dungeon Overview and Level Annotations

Branches:
Dungeon (3/15)

Altars:


Innate Abilities, Weirdness & Mutations

You reflexively headbutt those who attack you in melee.
You have a pair of horns on your head.


Message History

Things that are here:
a club; a ring mail You completely miss the goblin.
You closely miss something. You block the bat's attack.
The goblin hits you with a club.
* * * LOW HITPOINT WARNING * * *
Something hits you.
* * * LOW HITPOINT WARNING * * *
The goblin hits you but does no damage.
You hit the goblin.
The goblin is moderately wounded.
You hit something. The bat hits you but does no damage.
You block something's attack. The goblin hits you but does no damage.
Something hits you but does no damage.
You slash the goblin!
You kill the goblin!
You miss something. You block the bat's attack.
You hear some strange, mumbled words.
A puff of flame appears from out of thin air!
The puff of flame hits you!
You die...

..# [.....## #.###..#
..###.##....###.#...#
..##..##. #.#.....#
.....###.##...?.#
......##....##..#
..###..##..###..##
..# ##>....# #.(.#
..# #†..g.###.#.# .##
#.##......)@#######
##
#..#.......)b..?....
#
...##.!...#.#.(.<...#
<.##
#.....#.#)##....# #.#
#######.#.. ....# #.
#.#... ..?# !.... ..#
.......## .......


You could see a gnoll (wandering) and a bat.

Vanquished Creatures
  An orc wizard (D:3)
  An adder (D:3)
  3 worms
  A dart slug (D:1)
  A giant gecko (D:1)
  4 orcs (D:3)
  4 giant cockroaches
  6 goblins
  6 hobgoblins
  5 jackals (D:2)
  2 quokkas (D:2)
  A ball python (D:1)
  A bat (D:2)
  6 giant newts
  9 kobolds
  8 rats
59 creatures vanquished.

Notes
Turn   | Place    | Note
--------------------------------------------------------------
     0 | D:1      | PossumBlood the Minotaur Fighter began the quest for the Orb.
     0 | D:1      | Reached XP level 1. HP: 19/19 MP: 0/0
   111 | D:1      | Reached skill level 4 in Fighting
   111 | D:1      | Reached XP level 2. HP: 24/27 MP: 1/1
   719 | D:2      | Reached XP level 3. HP: 33/34 MP: 2/2
  1380 | D:3      | Reached skill level 5 in Fighting
  1380 | D:3      | Reached XP level 4. HP: 42/42 MP: 3/3
  1426 | D:3      | Killed from afar by an orc wizard

Skill      XL: |  1  2  3 |
---------------+----------+-----
Fighting       | 4 5 |  5.6
Armour         | 4 |  4.9
Axes           | |  2.4
Shields        | |  3.6

Action                   |  1- 3 |  4- 6 || total
-------------------------+-------+-------++-------
Melee: War axe           |   119 |    26 ||   145
       Headbutt          |    16 |     4 ||    20
  Eat: Bread ration      |     1 |       ||     1
Armor: Scale mail        |    37 |    18 ||    55
Dodge: Dodged            |    32 |     4 ||    36
Block: Shield            |    59 |    16 ||    75
